 Dungeon Crawl Stone Soup version 0.29-a0-409-gd843f3a (webtiles) character file.

Game seed: 267834561271892840

22906 Geeful the Fighter (level 13, -1/148 HPs)
             Began as an Ogre Delver on May 12, 2022.
             Was an Elder of Wu Jian.
             Slain by an elephant (2 damage)
             ... while petrified by a basilisk
             ... on level 3 of the Lair of Beasts on May 13, 2022.
             The game lasted 01:12:57 (18855 turns).

Geeful the Fighter (Ogre Delver)                   Turns: 18855, Time: 01:12:58

Health: -1/148     AC:  9    Str: 19    XL:     13   Next: 3%
Magic:  13/13      EV:  1    Int: 11    God:    Wu Jian [****..]
Gold:   713        SH:  0    Dex: 20    Spells: 12/12 levels left

rFire   . . .      SeeInvis .   y - +2 giant spiked club
rCold   . . .      Faith    .   (shield currently unavailable)
rNeg    + + +      Spirit   .   B - +0 acid dragon scales
rPois   ∞          Reflect  .   (helmet restricted)
rElec   .          Harm     .   t - +1 cloak
rCorr   +          Rampage  .   (gloves unavailable)
Will    +....                   (boots unavailable)
Stlth   ++........              w - amulet of the acrobat
HPRegen 0.34/turn               I - +4 ring of evasion
MPRegen 0.13/turn               j - +6 ring of dexterity

@: brilliant, petrified, studying Long Blades, invisible
A: large, unfitting armour, tough skin 1
a: Renounce Religion, Wall Jump, Serpent's Lash


You were on level 3 of the Lair of Beasts.
You worshipped Wu Jian.
Wu Jian was greatly pleased with you.
You visited 3 branches of the dungeon, and saw 15 of its levels.

You collected 713 gold pieces.

Inventory:

Hand Weapons
 y - a +2 giant spiked club (weapon)
Missiles
 k - 5 boomerangs (quivered)
 A - 8 poisoned darts
 G - a throwing net
 H - a curare-tipped dart
 R - 4 large rocks
 S - 4 javelins
Armour
 d - a +0 robe of willpower
 t - a +1 cloak (worn)
 B - +0 acid dragon scales (worn)
Jewellery
 j - a +6 ring of dexterity (right hand)
 m - a ring of ice
 n - a ring of poison resistance
 u - a ring of resist corrosion
 w - an amulet of the acrobat (around neck)
 I - a +4 ring of evasion (left hand)
Wands
 g - a wand of digging (2)
 q - a wand of paralysis (1)
 E - a wand of acid (7)
 J - a wand of flame (44)
 K - a wand of polymorph (19)
 L - a wand of charming (13)
 M - a wand of iceblast (3)
 Q - a wand of mindburst (3)
Scrolls
 c - 3 scrolls of fog
 e - 2 scrolls of fear
 h - 3 scrolls of immolation
 i - 2 scrolls of summoning
 l - 3 scrolls of blinking
 p - a scroll of amnesia
 D - 2 scrolls of magic mapping
 F - 3 scrolls of teleportation
 O - a scroll of poison
Potions
 a - a potion of attraction {unknown}
 b - a potion of haste
 f - 3 potions of brilliance
 o - 3 potions of curing
 r - a potion of invisibility
 v - 2 potions of resistance
 x - 4 potions of lignification
 z - 2 potions of mutation
 C - 2 potions of flight
 N - a potion of magic {unknown}


   Skills:
 + Level 14.4 Fighting
 + Level 10.2 Maces & Flails
 + Level 10.9 Throwing
 + Level 10.1 Dodging
 - Level 3.7 Stealth


You had 12 spell levels left.
You didn't know any spells.
Your spell library contained the following spells:

 Spells                   Type           Power      Damage    Failure   Level
 Foxfire                  Conj/Fire      0%         2x1d4     43%         1
 Freeze                   Ice            0%         1d3       43%         1
 Sandblast                Erth           0%         2d4       43%         1
 Corpse Rot               Necr/Air       0%         N/A       56%         2
 Ensorcelled Hibernation  Hex/Ice        0%         N/A       56%         2
 Passwall                 Tmut/Erth      0%         N/A       56%         2
 Conjure Flame            Conj/Fire      0%         6-21      80%         3
 Frozen Ramparts          Ice            0%         1d2       80%         3
 Ignite Poison            Fire/Tmut/Pois 0%         N/A       80%         3
 Inner Flame              Hex/Fire       0%         N/A       80%         3
 Spider Form              Tmut/Pois      0%         N/A       80%         3
 Stone Arrow              Conj/Erth      0%         3d7       80%         3
 Anguish                  Hex/Necr       0%         N/A       99%         4
 Animate Dead             Necr           0%         N/A       99%         4
 Dispel Undead            Necr           0%         3d6       99%         4
 Flame Wave               Conj/Fire      0%         2d4       99%         4
 Hailstorm                Conj/Ice       0%         3d3       99%         4
 Leda's Liquefaction      Hex/Erth       0%         N/A       99%         4
 Olgreb's Toxic Radiance  Pois           0%         N/A       99%         4
 Sticky Flame             Conj/Fire      0%         2d3       99%         4
 Summon Ice Beast         Ice/Summ       0%         N/A       99%         4
 Lee's Rapid Deconstruct  Erth           0%         3d5*      100%        5
 Summon Mana Viper        Hex/Summ       0%         N/A       100%        5
 Death Channel            Necr           0%         N/A       100%        6
 Statue Form              Tmut/Erth      0%         N/A       100%        6
 Haunt                    Necr/Summ      0%         N/A       100%        7
 Monstrous Menagerie      Summ           0%         N/A       100%        7
 Ozocubu's Refrigeration  Ice            0%         4d5       100%        7
 Ignition                 Fire           0%         3d3       100%        8
 Infestation              Necr           0%         N/A       100%        8


Dungeon Overview and Level Annotations

Branches:
Dungeon (11/15)            Temple (1/1) D:4            Lair (3/6) D:10
 Shoals (0/4) Lair:2          Orc (0/2) D:11
  Snake: Lair:2-4    Spider: Lair:2-4

Altars:
Ashenzari
Cheibriados
Dithmenos
Elyvilon
Fedhas
Gozag
Hepliaklqana
Kikubaaqudgha
Makhleb
Nemelex Xobeh
Okawaru
Qazlal
Ru
Sif Muna
Trog
Uskayaw
Wu Jian
Xom
Zin
The Shining One
Jiyva

Shops:
D:1 :   D:5 :

Annotations:
D:7 exclusion: 2 downstairs
Lair:2 3 runed translucent doors, Seqynobekh's ghost, journeyman MfGl


Innate Abilities, Weirdness & Mutations

You are too large for most types of armour.
You have tough skin. (AC +1)


Message History

The elephant tramples you.
* * * LOW HITPOINT WARNING * * *
You hold your ground!
The elephant trunk-slaps you.
* * * LOW HITPOINT WARNING * * *
The elephant tramples you but does no damage.
The elephant trunk-slaps you but does no damage.
The elephant tramples you.
* * * LOW HITPOINT WARNING * * *
You hold your ground!
The elephant trunk-slaps you but does no damage.
The basilisk bites you!
* * * LOW HITPOINT WARNING * * *
The elephant tramples you.
You hold your ground!
The elephant trunk-slaps you.
* * * LOW HITPOINT WARNING * * *
The elephant tramples you but does no damage.
The elephant trunk-slaps you but does no damage.
The basilisk gazes at you.
You easily resist.
The elephant tramples you.
You hold your ground!
The elephant trunk-slaps you but does no damage.
The elephant tramples you.
* * * LOW HITPOINT WARNING * * *
You hold your ground!
The elephant trunk-slaps you but does no damage.
The elephant tramples you!
* * * LOW HITPOINT WARNING * * *
You hold your ground!
The elephant barely misses you. The basilisk bites you!
* * * LOW HITPOINT WARNING * * *
The elephant tramples you but does no damage.
The elephant trunk-slaps you but does no damage.
The basilisk bites you!
* * * LOW HITPOINT WARNING * * *
The elephant tramples you.
You hold your ground!
The elephant trunk-slaps you but does no damage.
The elephant tramples you but does no damage.
The elephant trunk-slaps you but does no damage.
The basilisk gazes at you.
You easily resist.
The elephant tramples you!
* * * LOW HITPOINT WARNING * * *
You hold your ground!
The elephant trunk-slaps you.
You die...

##... #.....
..... #....
.P #### ...#
...#..##..##
......#....#
##l.<.8#
#.@#...#
##YY#=.#
#+##.Y.#
#.lY. #..Y.Y
#.... #...
...


You could see 2 elephants and a basilisk (can't see you).

Vanquished Creatures
  Erica (Lair:1)
  A centaur warrior (D:8)
  A two-headed ogre (D:11)
  Pikel (D:7)
  2 ugly things
  An oklob plant (Lair:1)
  A cyclops (D:11)
  A black mamba (Lair:1)
  A gargoyle (D:11)
  6 elephants
  9 cane toads
  An unseen horror (D:11)
  A rime drake (Lair:1)
  5 komodo dragons
  A troll (D:11)
  5 blink frogs (Lair:1)
  2 wraiths (D:10)
  15 yaks
  A vampire (D:9)
  Grum (D:10)
  A steam dragon (D:7)
  2 basilisks
  3 vampire mosquitoes (D:11)
  4 wargs (D:11)
  2 acid dragons (D:11)
  9 water moccasins
  2 orc warriors
  A sky beast (D:8)
  6 black bears
  2 ogres
  13 wolves
  6 centaurs
  A kobold brigand (D:8)
  A phantom (D:5)
  12 bullfrogs
  5 scorpions
  A gnoll sergeant (D:11)
  14 wights
  A killer bee (D:8)
  4 howler monkeys
  2 electric eels (Lair:2)
  A crimson imp (D:7)
  2 jellies
  A gnoll shaman (D:5)
  4 orc priests
  An iron imp (D:3)
  2 iguanas
  Natasha (thrice) (D:2)
  9 orc wizards
  18 gnolls
  9 adders
  A white imp (D:7)
  4 worms
  2 dart slugs
  35 orcs
  8 endoplasms
  3 giant cockroaches
  9 goblins
  12 hobgoblins
  6 jackals
  10 kobolds
  2 quokkas
  7 ball pythons
  4 bats
  3 frilled lizards
  4 rats
  A bush (Lair:2)
310 creatures vanquished.

Vanquished Creatures (others)
  A sky beast (D:8)
  A jelly (D:4)
  A quokka (D:4)
  7 bushes (D:11)
  58 fungi
  56 plants
124 creatures vanquished.

Grand Total: 434 creatures vanquished

Notes
Turn   | Place    | Note
-------+----------+-------------------------------------------
     0 | D:5      | Geeful the Ogre Delver began the quest for the Orb.
     0 | D:5      | Reached XP level 1. HP: 24/24 MP: 1/1
    60 | D:5      | Noticed a black bear
    72 | D:5      | Noticed an orc priest
   307 | D:4      | Noticed a jelly
   324 | D:3      | Noticed an iron imp
   324 | D:3      | Found a snail-covered altar of Cheibriados.
   460 | D:2      | Reached XP level 2. HP: 30/32 MP: 2/2
   593 | D:2      | Reached skill level 1 in Throwing
   593 | D:2      | HP: 1/33 [poisoned by an adder]
   822 | D:2      | Reached XP level 3. HP: 16/40 MP: 3/3
  1097 | D:2      | Found a broken altar of Ashenzari.
  1463 | D:1      | Found Jograt's Book Emporium.
  2191 | D:1      | Reached XP level 4. HP: 48/49 MP: 4/4
  2267 | D:1      | Found a faded altar of an unknown god.
  2511 | D:2      | Noticed Natasha
  2535 | D:2      | Killed Natasha
  2823 | D:2      | Reached skill level 5 in Fighting
  3012 | D:2      | Noticed Natasha
  3022 | D:2      | Killed Natasha
  3023 | D:2      | Reached XP level 5. HP: 51/57 MP: 5/5
  3115 | D:2      | Noticed Natasha
  3125 | D:2      | Killed Natasha
  3748 | D:3      | Reached XP level 6. HP: 58/66 MP: 6/6
  4257 | D:3      | Found a shadowy altar of Dithmenos.
  4913 | D:4      | Found an iron altar of Okawaru.
  5064 | D:4      | Found a burning altar of Makhleb.
  5277 | D:4      | Found a staircase to the Ecumenical Temple.
  5286 | Temple   | Entered the Ecumenical Temple
  5310 | Temple   | Became a worshipper of the Wu Jian Council
  5432 | D:5      | Reached skill level 6 in Fighting
  5659 | D:5      | Reached XP level 7. HP: 66/75 MP: 7/7
  6358 | D:5      | Found Feystas's Book Shop.
  6416 | D:5      | Reached skill level 7 in Fighting
  6416 | D:5      | Reached XP level 8. HP: 87/87 MP: 8/8
  7042 | D:6      | Found a white marble altar of Elyvilon.
  7860 | D:6      | Reached skill level 5 in Throwing
  7955 | D:6      | Reached * piety under Wu Jian
  8193 | D:7      | Reached skill level 8 in Fighting
  8193 | D:7      | Reached skill level 5 in Maces & Flails
  8193 | D:7      | Reached skill level 5 in Dodging
  8603 | D:7      | Reached XP level 9. HP: 97/97 MP: 9/9
  8755 | D:7      | Reached skill level 9 in Fighting
  8903 | D:7      | Found a glowing golden altar of the Shining One.
  8905 | D:7      | Found an opulent altar of Gozag.
  8906 | D:7      | Found a shimmering blue altar of Sif Muna.
  8908 | D:7      | Found a hazy altar of Hepliaklqana.
  8932 | D:7      | Identified the +9 quarterstaff "Ogrebane" {freeze, Drain
                  | rF++ rN+++ Int-4}
  9018 | D:7      | Found a sacrificial altar of Ru.
  9018 | D:7      | Noticed Pikel
  9036 | D:7      | Killed Pikel
  9406 | D:7      | Found an ancient bone altar of Kikubaaqudgha.
  9411 | D:7      | Found a broken altar of Ashenzari.
  9698 | D:8      | Reached ** piety under Wu Jian
  9764 | D:8      | Reached XP level 10. HP: 42/107 MP: 10/10
 10201 | D:8      | Reached skill level 10 in Fighting
 10334 | D:8      | Noticed a white ugly thing
 10467 | D:8      | Killed a white ugly thing
 10609 | D:8      | Noticed a centaur warrior
 10644 | D:8      | Killed a centaur warrior
 11074 | D:8      | Reached skill level 11 in Fighting
 12766 | D:10     | Entered Level 10 of the Dungeon
 12778 | D:10     | Found a glowing silver altar of Zin.
 12996 | D:10     | Reached XP level 11. HP: 120/120 MP: 11/11
 13012 | D:10     | Reached *** piety under Wu Jian
 13187 | D:10     | Found a staircase to the Lair.
 13305 | D:10     | Noticed Grum
 13311 | D:10     | Killed Grum
 14282 | D:11     | Found a staircase to the Orcish Mines.
 14294 | D:11     | Reached skill level 12 in Fighting
 14571 | D:11     | Noticed a two-headed ogre
 14580 | D:11     | Killed a two-headed ogre
 14649 | D:11     | Found a blossoming altar of Fedhas.
 15205 | D:11     | Noticed a green ugly thing
 15214 | D:11     | Killed a green ugly thing
 15228 | D:11     | Noticed a cyclops
 15239 | D:11     | Killed a cyclops
 15469 | Lair:1   | Entered Level 1 of the Lair of Beasts
 15644 | Lair:1   | Noticed an oklob plant
 15657 | Lair:1   | Killed an oklob plant
 15658 | Lair:1   | Reached XP level 12. HP: 92/133 MP: 12/12
 15831 | Lair:1   | Reached skill level 13 in Fighting
 16186 | Lair:1   | Reached **** piety under Wu Jian
 16493 | Lair:1   | Reached skill level 10 in Throwing
 16926 | Lair:1   | Noticed Erica
 16932 | Lair:1   | Killed Erica
 17549 | Lair:2   | Found a staircase to the Shoals.
 17740 | Lair:2   | Reached skill level 14 in Fighting
 17931 | Lair:2   | Found a runed translucent gate.
 17931 | Lair:2   | Found a runed translucent gate.
 17931 | Lair:2   | Found a runed translucent gate.
 17934 | Lair:2   | Noticed Seqynobekh's ghost (journeyman MfGl)
 18261 | Lair:2   | Reached skill level 10 in Maces & Flails
 18442 | Lair:2   | Reached skill level 10 in Dodging
 18806 | Lair:2   | Found a viscous altar of Jiyva.
 18840 | Lair:3   | Reached XP level 13. HP: 90/148 MP: 13/13
 18854 | Lair:3   | HP: 3/148 [basilisk (7)]
 18855 | Lair:3   | HP: 1/148 [elephant (3)]
 18855 | Lair:3   | Slain by an elephant

Illustrated notes

Levels and vault maps discovered:
D:1:      nzn_arrival_settlement, layout_loops_corners, serial_shops,
          nicolae_shop_hallway_stairs, shapermc_ecumenical_altar_mp_vishouse,
          due_unseen_surprise
D:2:      layout_basic, basic_altar, uniq_natasha
D:3:      layout_loops_ring, slow_altar_1, marbit_many_paths
D:4:      layout_basic, mainiacjoe_overflow_six_doors_small, okawaru_trees_1,
          lemuel_temple_firewalk_a
D:5:      layout_loops_corners, nicolae_inconvenience_store
D:6:      layout_basic, elyvilon_altar_4, kennysheep_another_room
D:7:      layout_cave_pools, old_standard_altar, minitemple,
          amethyst_overflow_temple_binary, minmay_misc_feat_more_columns,
          minmay_fire_ice_demons, uniq_pikel
D:8:      layout_rooms, nicolae_wwwww, minmay_manual_mullet
D:9:      layout_layer_cave
D:10:     layout_long_grid, lemuel_round_altar, due_lair_maze_entry_diamond,
          uniq_grum
D:11:     layout_rooms, minmay_orc_entry_guard_dogs,
          fedhas_bush_and_centaur_altar
Temple:   compressed_dpeg_triangle_lava_temple
Lair:1:   layout_roguey, beast_lair_carwin_6, uniq_erica
Lair:2:   layout_gridlike, elwin_shoals_entry_rocks, gammafunk_ghost_ooze,
          beast_lair_carwin_9, lemuel_fruit_fields
Lair:3:   dreamdust_labyrinth, layout_regular_city, minivault_25,
          grunt_megastairs_5

Skill      XL: |  1  2  3  4  5  6  7  8  9 10 11 12 |
---------------+-------------------------------------+-----
Maces & Flails | 2 3 4 5 6 7 9 10 | 10.2
Dodging        | 2 3 4 5 6 7 9 10 | 10.1
Throwing       | 1 2 3 4 5 6 8 9 10 | 10.9
Fighting       | 5 6 7 8 9 11 12 14 | 14.4
Stealth        | |  3.7

Action                   |  1- 3 |  4- 6 |  7- 9 | 10-12 | 13-15 || total
-------------------------+-------+-------+-------+-------+-------++-------
Melee: Mace              |    83 |       |       |       |       ||    83
       Hand axe          |    16 |   206 |    68 |       |       ||   290
       Punch             |       |     4 |     2 |       |       ||     6
       Giant spiked club |       |       |   120 |   401 |     4 ||   525
Throw: Dart              |       |    32 |    23 |     5 |       ||    60
       Boomerang         |       |       |    60 |   174 |       ||   234
       Javelin           |       |       |     3 |    13 |       ||    16
       Large rock        |       |       |       |     4 |       ||     4
Invok: Lunge             |       |     1 |    15 |    20 |       ||    36
       Whirlwind         |       |       |     2 |     3 |       ||     5
Evoke: Wand              |     1 |       |     1 |     8 |       ||    10
  Use: Potion            |     3 |     4 |     1 |     4 |     2 ||    14
       Scroll            |     1 |    10 |     6 |     4 |       ||    21
 Stab: Sleeping          |     6 |     6 |     6 |     4 |       ||    22
       Paralysed         |       |       |     3 |     9 |       ||    12
       Distracted        |       |       |       |     2 |       ||     2
Armor: Robe              |    31 |    52 |    67 |    58 |       ||   208
       Acid dragon scale |       |       |       |    53 |    24 ||    77
Dodge: Dodged            |    56 |   101 |   186 |   531 |    12 ||   886

Table legend: (Time is in decaauts)
 A = Elapsed time spent in this place.
 B = Non-inter-level travel time spent in this place.
 C = Inter-level travel time spent in this place.
 D = Time resting spent in this place.
 E = Time spent auto-exploring this place.
 F = Levels seen in this place.
 G = Mean time per level.
                   A        B        C        D        E       F      G
               +--------+--------+--------+--------+--------+-----+--------+
         Total |  19083 |  18525 |    558 |   3478 |  11365 |  15 | 1272.2 |
       Dungeon |  15611 |  15087 |    524 |   2935 |   9108 |  11 | 1419.2 |
        Temple |     35 |     24 |     11 |      0 |      0 |   1 |   35.0 |
          Lair |   3435 |   3412 |     23 |    543 |   2257 |   3 | 1145.0 |
               +--------+--------+--------+--------+--------+-----+--------+

Top non-repeatable levels by time:
     D:5: 2000 daAuts
  Lair:1: 1934 daAuts
     D:2: 1839 daAuts
     D:7: 1771 daAuts
     D:8: 1731 daAuts
  Lair:2: 1464 daAuts
    D:10: 1422 daAuts
    D:11: 1309 daAuts
     D:3: 1267 daAuts
     D:9: 1180 daAuts
     D:1: 1176 daAuts
     D:4: 1047 daAuts
     D:6: 863 daAuts
  Lair:3: 37 daAuts
  Temple: 35 daAuts
